 Dungeon Crawl Stone Soup version 0.31.0-32-g396128a36d (webtiles) character file.

Game seed: 18314250147135095610

16340 monsoonserge the Grappler (level 12, -5/138 HPs)
             Began as a Gnoll Shapeshifter on Mar 26, 2024.
             Was an Elder of Elyvilon.
             Slain by Rupert
             ... wielding a +2 executioner's axe of flaming
              (27 damage)
             ... on level 3 of the Lair of Beasts.
             The game lasted 00:39:42 (11579 turns).

monsoonserge the Grappler (Gnoll Shapeshifter)     Turns: 11579, Time: 00:39:43

Health: -5/138     AC: 30    Str: 17    XL:     12   Next: 36%
Magic:  23/23      EV:  2    Int: 12    God:    Elyvilon [****..]
Gold:   624        SH:  0    Dex: 11    Spells: 26/26 levels left

rFire   . .          .
                       - Unarmed
rCold   . . .        (no shield)
rNeg    . . .        n - melded +7 chain mail of Duell {rC- Will- Int+6}
rPois   +            z - melded +1 hat of Zuemiun {Slay+2}
rElec   .            F - melded +2 ratskin cloak {*Rats rPois rN+ Str-1 Int-1 Dex+1}
rCorr   .            t - melded +2 pair of gloves
SInv    .            (boots currently unavailable)
Will    .....        (no amulet)
Stlth   ++           B - +5 ring of evasion
HPRegen 0.43/turn    a - +4 ring of protection
MPRegen 0.18/turn

%: no passive effects
@: tree-form, silenced
A: stationary, stasis, torment immunity, boosted hp, (fangs 1), strong nose,
distributed training
a: Renounce Religion


You were on level 3 of the Lair of Beasts.
You worshipped Elyvilon.
Elyvilon was greatly pleased with you.
You were a tree.
You visited 3 branches of the dungeon, and saw 12 of its levels.
You also visited: Sewer.

You collected 669 gold pieces.
You spent 45 gold pieces at shops.

Inventory:

Missiles
 u - 2 poisoned darts
 v - 5 darts of dispersal
 A - 18 boomerangs
 U - 3 javelins
Armour
 n - the +7 chain mail of Duell (melded) {rC- Will- Int+6}
   (You found it on level 2 of the Dungeon)

   Int+6:     It affects your intelligence (+6).
   rC-:       It makes you vulnerable to cold.
   Will-:     It decreases your willpower.
 t - a +2 pair of gloves (melded)
 z - the +1 hat of Zuemiun (melded) {Slay+2}
   (You found it in a sewer)

   Slay+2:    It affects your accuracy & damage with ranged weapons and melee
   (+2).
 C - +0 steam dragon scales
 F - the +2 ratskin cloak (melded) {*Rats rPois rN+ Str-1 Int-1 Dex+1}
   (You found it on level 6 of the Dungeon)

   *Rats:     When the wearer is hurt, rats may emerge from it to assist them.
   Str-1:     It affects your strength (-1).
   Int-1:     It affects your intelligence (-1).
   Dex+1:     It affects your dexterity (+1).
   rPois:     It protects you from poison rN+: It protects you from negative
   energy.
 P - a +0 ring mail of positive energy
Jewellery
 a - a +4 ring of protection (right branch)
 o - a ring of protection from cold
 B - a +5 ring of evasion (left branch)
 E - a +6 ring of intelligence
 N - a ring of poison resistance
 V - the ring of Yredelemnul's Anger {Str+2 SInv}
   (You found it on level 3 of the Lair of Beasts)

   [ring of see invisible]

   Str+2:     It affects your strength (+2).
   SInv:      It lets you see invisible.
Talismans
 c - a beast talisman
 d - a flux talisman (active)
Wands
 p - a wand of flame (6) (quivered)
 s - a wand of polymorph (13)
 D - a wand of roots (6)
 O - a wand of paralysis (12)
 S - a wand of quicksilver (3)
Scrolls
 f - a scroll of vulnerability
 g - a scroll of revelation
 h - 2 scrolls of poison
 i - 3 scrolls of teleportation
 j - 4 scrolls of enchant weapon {unknown}
 k - 2 scrolls of amnesia
 l - 3 scrolls of fear
 q - a scroll of immolation {unknown}
 x - a scroll of silence
 y - a scroll of brand weapon {unknown}
 I - 2 scrolls of butterflies
 M - a scroll of blinking {unknown}
 Q - a scroll of fog {unknown}
 T - a scroll of identify
Potions
 b - a potion of magic {unknown}
 e - a potion of attraction {unknown}
 m - 4 potions of enlightenment
 r - 2 potions of heal wounds
 w - 4 potions of might {unknown}
 G - 2 potions of ambrosia
 H - a potion of mutation {unknown}
 J - 2 potions of curing {unknown}
 K - a potion of berserk rage {unknown}
 R - a potion of resistance {unknown}


   Skills:
 + Level 8.0 Fighting
 + Level 7.5 Short Blades
 + Level 7.5 Long Blades
 + Level 7.5 Axes
 + Level 7.5 Maces & Flails
 + Level 7.5 Polearms
 + Level 7.5 Staves
 + Level 7.5 Ranged Weapons
 + Level 7.5 Throwing
 + Level 7.5 Armour
 + Level 8.9 Dodging
 + Level 7.5 Stealth
 + Level 7.5 Shields
 + Level 10.0 Unarmed Combat
 + Level 7.5 Spellcasting
 + Level 6.2 Conjurations
 + Level 6.2 Hexes
 + Level 6.2 Summonings
 + Level 6.2 Necromancy
 + Level 6.2 Translocations
 + Level 6.2 Fire Magic
 + Level 6.2 Ice Magic
 + Level 6.2 Air Magic
 + Level 6.2 Earth Magic
 + Level 6.2 Alchemy
 + Level 8.2 Invocations
 + Level 7.5 Evocations
 + Level 9.5 Shapeshifting


You had 26 spell levels left.
You didn't know any spells.
Your spell library contained the following spells:

 Spells                   Type           Power      Damage    Failure   Level
 Magic Dart               Conj           76%        1d6       1%          1
 Sting                    Conj/Alch      76%        1d7       1%          1
 Ensorcelled Hibernation  Hex/Ice        38%        N/A       1%          2
 Mercury Vapours          Alch/Air       38%        N/A       1%          2
 Scorch                   Fire           38%        2d6       1%          2
 Searing Ray              Conj           38%        2d5       1%          2
 Passwall                 Erth           19%        N/A       3%          3
 Swiftness                Air            19%        N/A       3%          3
 Flame Wave               Conj/Fire      19%        2d7       12%         4
 Fulminant Prism          Conj/Alch      9%         3d6       12%         4
 Olgreb's Toxic Radiance  Alch           19%        N/A       12%         4
 Summon Cactus Giant      Summ           9%         N/A       88%         6


Dungeon Overview and Level Annotations

Branches:
Dungeon (8/15)             Temple (1/1) D:5            Lair (3/5) D:8
  Swamp (0/4) Lair:2        Sewer (visited)
  Snake: Lair:2-3    Spider: Lair:2-3

Altars:
Ashenzari
Cheibriados
Dithmenos
Elyvilon
Fedhas
Gozag
Hepliaklqana
Kikubaaqudgha
Okawaru
Qazlal
Ru
Sif Muna
Uskayaw
Vehumet
Wu Jian
Yredelemnul
Zin
The Shining One

Shops:
D:5 *[?[

Annotations:
Lair:3 Rupert


Innate Abilities, Weirdness & Mutations

You are a tree.
Your roots penetrate the ground, keeping you stationary.
You cannot be teleported.
You are immune to unholy pain and torment.
Your maximum health is greatly increased.
Your equipment is partially melded.
((You have very sharp teeth.))
Your uncanny sense of smell can sniff out nearby items.
Your experience applies equally to all skills.


Message History

You hit Rupert but do no damage.
Rupert is severely wounded.
Rupert barely misses you.
You hit Rupert.
Rupert is severely wounded.
Rupert hits you but does no damage.
You smack Rupert!
Rupert is almost dead.
Rupert hits you with a +2 executioner's axe of flaming!!
Rupert burns you!
* * * LOW HITPOINT WARNING * * *
Rupert hits you with a +2 executioner's axe of flaming!
* * * LOW HITPOINT WARNING * * *
Rupert burns you.
* * * LOW HITPOINT WARNING * * *
Unknown command.
Okay, then.
You feel much better.
Rupert hits you with a +2 executioner's axe of flaming.
* * * LOW HITPOINT WARNING * * *
Rupert burns you.
* * * LOW HITPOINT WARNING * * *
You barely miss Rupert.
Rupert is almost dead.
Rupert hits you with a +2 executioner's axe of flaming!
* * * LOW HITPOINT WARNING * * *
Rupert burns you.
* * * LOW HITPOINT WARNING * * *
Unknown command.
You feel much better. Rupert hits you but does no damage. x2
You smack Rupert!
Rupert is almost dead.
Rupert hits you with a +2 executioner's axe of flaming.
* * * LOW HITPOINT WARNING * * *
Rupert burns you.
* * * LOW HITPOINT WARNING * * *
You hit Rupert.
Rupert is almost dead.
Rupert hits you with a +2 executioner's axe of flaming!!
You die...

##.## ##..## +. #.#..#
#.## ###...## ...
.#....#.# ###..###
........# #...##.##
........# ###.P####.##
........# #..........#
........###.....♣....#
.........##.....@....#
........#............#
........................#
.........P#..........####
........###.##.###.###
#.####.## #####....# ##
### .PP.# @##.


You could see Rupert (berserk).

Vanquished Creatures
  2 oklob plants (Lair:2)
  4 elephants
  4 cane toads
  8 blink frogs
  Grinder (D:4)
  3 wyverns
  24 yaks
  A vampire (D:7)
  A steam dragon (D:4)
  A spectral polar bear (Lair:2)
  A spectral yak (Lair:2)
  3 water moccasins
  A spectral torpor snail (Lair:2)
  An ice beast (D:7)
  An ogre (D:4)
  4 black bears
  A spectral rime drake (Lair:2)
  5 wolves
  A centaur (D:5)
  2 phantoms (D:4)
  Blork the orc (D:6)
  A brain worm (Sewer)
  13 bullfrogs
  The ghost of EvilSkull21 the Gusty, an amateur FeAE (D:3)
  A spectral water moccasin (Lair:2)
  A scorpion (D:6)
  Dowan (D:4)
  5 killer bees
  An electric eel (Lair:1)
  3 howler monkeys (D:8)
  2 bombardier beetles
  4 hounds
  3 jellies
  4 orc priests
  A sleepcap (D:5)
  Jessica (D:2)
  Ijyb (D:3)
  Terence (D:3)
  4 iguanas
  8 orc wizards
  Natasha (thrice) (D:3)
  4 hell rats (Lair:1)
  Robin (D:2)
  9 gnolls
  12 adders
  2 river rats (Sewer)
  A white imp (D:5)
  5 ribbon worms
  The ghost of flammie80 the Trooper, a weakling FoMo of Gozag (D:6)
  6 dart slugs
  15 orcs
  12 ball pythons
  12 bats
  7 endoplasms
  5 giant cockroaches
  15 goblins
  9 hobgoblins
  2 jackals (Sewer)
  6 kobolds
  4 quokkas
  7 frilled lizards
  7 rats
271 creatures vanquished.

Vanquished Creatures (collateral kills)
  A cane toad (Lair:2)
  A blink frog (Lair:1)
  A black bear (Lair:2)
3 creatures vanquished.

Vanquished Creatures (others)
  A yak (Lair:1)
  A wolf (Lair:1)
  A hell rat (Lair:1)
  A white imp (D:6)
  An orc (D:6)
5 creatures vanquished.

Grand Total: 279 creatures vanquished

Notes
Turn   | Place    | Note
-------+----------+-------------------------------------------
     0 | D:1      | monsoonserge the Gnoll Shapeshifter began the quest for the
                  | Orb.
     0 | D:1      | Reached XP level 1. HP: 17/17 MP: 1/1
   168 | D:1      | Reached XP level 2. HP: 21/23 MP: 2/2
   564 | D:1      | Reached XP level 3. HP: 14/28 MP: 2/4
   656 | D:2      | Reached skill level 1 in Invocations
   743 | D:2      | Noticed Robin
   755 | D:2      | Reached skill level 1 in Short Blades
   755 | D:2      | Reached skill level 1 in Long Blades
   755 | D:2      | Reached skill level 1 in Axes
   755 | D:2      | Reached skill level 1 in Maces & Flails
   755 | D:2      | Reached skill level 1 in Polearms
   755 | D:2      | Reached skill level 1 in Staves
   755 | D:2      | Reached skill level 1 in Ranged Weapons
   755 | D:2      | Reached skill level 1 in Throwing
   755 | D:2      | Reached skill level 1 in Armour
   755 | D:2      | Reached skill level 1 in Stealth
   755 | D:2      | Reached skill level 1 in Shields
   755 | D:2      | Reached skill level 1 in Spellcasting
   755 | D:2      | Reached skill level 1 in Evocations
   772 | D:2      | Killed Robin
   773 | D:2      | Reached XP level 4. HP: 34/34 MP: 5/5
   831 | D:2      | Reached skill level 1 in Conjurations
   831 | D:2      | Reached skill level 1 in Hexes
   831 | D:2      | Reached skill level 1 in Summonings
   831 | D:2      | Reached skill level 1 in Necromancy
   831 | D:2      | Reached skill level 1 in Translocations
   831 | D:2      | Reached skill level 1 in Fire Magic
   831 | D:2      | Reached skill level 1 in Ice Magic
   831 | D:2      | Reached skill level 1 in Air Magic
   831 | D:2      | Reached skill level 1 in Earth Magic
   831 | D:2      | Reached skill level 1 in Alchemy
   985 | D:2      | Identified the +7 chain mail of Duell {rC- Will- Int+6}
  1089 | D:2      | Noticed Jessica
  1095 | D:2      | Killed Jessica
  1244 | D:3      | Found a white marble altar of Elyvilon.
  1248 | D:3      | Reached XP level 5. HP: 40/40 MP: 7/7
  1256 | D:3      | Became a worshipper of Elyvilon the Healer
  1267 | D:3      | Found a runed translucent door.
  1270 | D:3      | Noticed EvilSkull21's ghost (amateur FeAE)
  1359 | D:3      | Noticed Terence
  1374 | D:3      | Killed Terence
  1556 | D:3      | Noticed Ijyb
  1573 | D:3      | Killed Ijyb
  1594 | D:3      | Found an ancient bone altar of Kikubaaqudgha.
  1726 | D:3      | Noticed Natasha
  1733 | D:3      | Killed Natasha
  1734 | D:3      | Reached XP level 6. HP: 44/47 MP: 8/8
  1784 | D:3      | Noticed Natasha
  1797 | D:3      | Killed Natasha
  1798 | D:3      | Reached skill level 5 in Dodging
  1859 | D:3      | Reached * piety under Elyvilon
  1951 | D:3      | Noticed Natasha
  1958 | D:3      | Killed Natasha
  1971 | D:4      | Noticed a steam dragon
  1972 | D:4      | Noticed Duvessa
  2229 | D:4      | Noticed Dowan
  2237 | D:4      | Duvessa changed into Duvessa the ogre
  2237 | D:4      | Noticed Duvessa
  2241 | D:4      | Killed Duvessa the ogre
  2242 | D:4      | Reached skill level 7 in Unarmed Combat
  2242 | D:4      | Reached XP level 7. HP: 52/52 MP: 10/10
  2244 | D:4      | Killed Dowan
  2310 | D:4      | Found a glowing drain.
  2315 | Sewer    | Entered a sewer
  2527 | Sewer    | Identified the +1 hat of Zuemiun {Slay+2}
  2885 | D:4      | Noticed Grinder
  2892 | D:4      | Paralysed by Grinder for 2 turns
  2904 | D:4      | Killed Grinder
  2905 | D:4      | Reached XP level 8. HP: 25/60 MP: 12/12
  3421 | D:5      | Entered Level 5 of the Dungeon
  3457 | D:5      | Found Cuosyir's Magic Scroll Shoppe.
  3464 | D:5      | Bought a scroll of teleportation for 45 gold pieces
  3479 | D:5      | Found Jiwar's Armour Emporium.
  3497 | D:5      | Reached ** piety under Elyvilon
  3553 | D:5      | Found Vonit's General Store.
  3809 | D:5      | Found a staircase to the Ecumenical Temple.
  3818 | Temple   | Entered the Ecumenical Temple
  4113 | D:5      | Found Zyunah's Antique Armour Shoppe.
  4241 | D:6      | Noticed a hornet
  4298 | D:5      | Pacified a hornet
  4299 | D:5      | Reached XP level 9. HP: 57/67 MP: 9/15
  4503 | D:6      | Noticed flammie80's ghost (weakling FoMo)
  4504 | D:6      | Noticed a troll
  4585 | D:6      | Found a runed translucent gate.
  4585 | D:6      | Found a runed translucent gate.
  4586 | D:6      | Found a runed translucent gate.
  4679 | D:6      | Reached skill level 5 in Fighting
  4957 | D:6      | Noticed Blork the orc
  4964 | D:6      | Killed Blork the orc
  4965 | D:6      | Reached skill level 8 in Unarmed Combat
  5021 | D:6      | Reached *** piety under Elyvilon
  5072 | D:6      | Reached skill level 5 in Invocations
  5202 | D:6      | Found the +2 ratskin cloak {*Rats rPois rN+ Str-1 Int-1
                  | Dex+1}
  5207 | D:6      | Found a snail-covered altar of Cheibriados.
  5835 | D:7      | Reached skill level 5 in Short Blades
  5835 | D:7      | Reached skill level 5 in Long Blades
  5835 | D:7      | Reached skill level 5 in Axes
  5835 | D:7      | Reached skill level 5 in Maces & Flails
  5835 | D:7      | Reached skill level 5 in Polearms
  5835 | D:7      | Reached skill level 5 in Staves
  5835 | D:7      | Reached skill level 5 in Ranged Weapons
  5835 | D:7      | Reached skill level 5 in Throwing
  5835 | D:7      | Reached skill level 5 in Armour
  5835 | D:7      | Reached skill level 5 in Stealth
  5835 | D:7      | Reached skill level 5 in Shields
  5835 | D:7      | Reached skill level 5 in Spellcasting
  5835 | D:7      | Reached skill level 5 in Evocations
  5878 | D:7      | Reached XP level 10. HP: 76/76 MP: 17/17
  6277 | D:7      | Reached **** piety under Elyvilon
  6383 | D:7      | Noticed a deep elf pyromancer
  6383 | D:7      | Noticed a kobold demonologist
  6384 | D:7      | Noticed a kobold demonologist
  6688 | D:3      | Killed EvilSkull21's ghost
  7015 | D:6      | Killed flammie80's ghost
  7143 | D:8      | Noticed a two-headed ogre
  7618 | D:8      | Found a staircase to the Lair.
  7630 | D:8      | Found a hide-covered altar of Uskayaw.
  7663 | D:8      | Noticed a centaur warrior
  7670 | Lair:1   | Entered Level 1 of the Lair of Beasts
  7670 | Lair:1   | Noticed a cane toad
  7674 | Lair:1   | Pacified a cane toad
  7793 | Lair:1   | Noticed a cane toad
  7798 | Lair:1   | Killed a cane toad
  8038 | Lair:1   | Reached skill level 9 in Unarmed Combat
  8231 | Lair:1   | Reached skill level 5 in Conjurations
  8231 | Lair:1   | Reached skill level 5 in Hexes
  8231 | Lair:1   | Reached skill level 5 in Summonings
  8231 | Lair:1   | Reached skill level 5 in Necromancy
  8231 | Lair:1   | Reached skill level 5 in Translocations
  8231 | Lair:1   | Reached skill level 5 in Fire Magic
  8231 | Lair:1   | Reached skill level 5 in Ice Magic
  8231 | Lair:1   | Reached skill level 5 in Air Magic
  8231 | Lair:1   | Reached skill level 5 in Earth Magic
  8231 | Lair:1   | Reached skill level 5 in Alchemy
  8236 | Lair:1   | Reached XP level 11. HP: 75/83 MP: 17/20
  9508 | Lair:2   | Reached ***** piety under Elyvilon
  9764 | Lair:2   | Identified the +0 leather armour "Ojyema" {rF+ Will+ Str-5}
 10008 | Lair:2   | Reached XP level 12. HP: 71/91 MP: 22/22
 10481 | Lair:2   | Noticed a ghost crab
 10494 | Lair:2   | Elyvilon protects you from harm!
 10708 | Lair:2   | Pacified a ghost crab
 10798 | Lair:2   | Found a staircase to the Swamp.
 10942 | Lair:2   | Found a blossoming altar of Fedhas.
 10957 | Lair:2   | Reached skill level 10 in Unarmed Combat
 11525 | Lair:3   | Identified the ring of Yredelemnul's Anger {Str+2 SInv}
 11551 | Lair:3   | Noticed Rupert
 11579 | Lair:3   | Slain by Rupert

Illustrated notes

Levels and vault maps discovered:
D:1:      roadster_arrival_rocket_large, layout_rooms, serial_curves,
          eino_curves_02, eino_curves_04
D:2:      layout_rooms, st_stairs_6, chequers_serial_rivers_room_a,
          kennysheep_nub, uniq_robin, uniq_jessica
D:3:      layout_loops_cross, elyvilon_altar_5,
          mainiacjoe_overflow_small_starburst, ebering_ghost_sewer_d, uniq_ijyb,
          uniq_terence, uniq_natasha
D:4:      layout_basic, portal_sewer_entry_e, uniq_duvessa, uniq_grinder
D:5:      layout_basic, minmay_temple_entry_antechambers, serial_shops, shop,
          nicolae_square_shop, shop, shop, hex_tiny, chequers_arboretum,
          kennysheep_small_spiral, minmay_misc_feat_alley
D:6:      layout_loops_ring, mainiacjoe_overflow_alcove_1,
          gammafunk_ghost_split, billiards_dpeg, uniq_blork_the_orc
D:7:      layout_cave_pools, serial_library, serial_library_hellmonk_hallway_b,
          serial_library_hellmonk_room_c, serial_library_hellmonk_u_bend,
          serial_library_hellmonk_metal_room, serial_library_regret_index_multi,
          serial_library_hellmonk_layered_room,
          serial_library_regret_index_multi,
          serial_library_regret_index_branch_corner,
          nicolae_figureground_sparkle
D:8:      nzn_winding_woodlands_cross [nzn_winding_woodlands_5x15_parted,
          nzn_winding_woodlands_5x15_concentric,
          nzn_winding_woodlands_5x15_lazy_stream,
          nzn_winding_woodlands_5x15_pool, nzn_winding_woodlands_15x15_killbox],
          layout_cave_pools, lemuel_tele_altar, small_chamber_with_monster,
          minmay_microvault, uniq_pikel, uniq_erica
Temple:   oiseaux_autumnal_temple
Lair:1:   layout_layer_cave, serial_bayou_lagoon_a
Lair:2:   layout_chaotic_city, nicolae_swamp_entry_spooky,
          hangedman_tree_tricks, nicolae_lair_lil_pond, grunt_megastairs_3
Lair:3:   layout_roguey [special_room_bee], nicolae_snake_entry_squirm,
          uniq_josephine, uniq_rupert

Skill      XL: |  1  2  3  4  5  6  7  8  9 10 11 12 |
---------------+-------------------------------------+-----
Invocations    | 1 2 3 4 5 6 7 8 |  8.2
Short Blades   | 1 2 3 4 5 6 7 |  7.5
Long Blades    | 1 2 3 4 5 6 7 |  7.5
Axes           | 1 2 3 4 5 6 7 |  7.5
Maces & Flails | 1 2 3 4 5 6 7 |  7.5
Polearms       | 1 2 3 4 5 6 7 |  7.5
Staves         | 1 2 3 4 5 6 7 |  7.5
Ranged Weapons | 1 2 3 4 5 6 7 |  7.5
Throwing       | 1 2 3 4 5 6 7 |  7.5
Armour         | 1 2 3 4 5 6 7 |  7.5
Stealth        | 1 2 3 4 5 6 7 |  7.5
Shields        | 1 2 3 4 5 6 7 |  7.5
Spellcasting   | 1 2 3 4 5 6 7 |  7.5
Evocations     | 1 2 3 4 5 6 7 |  7.5
Conjurations   | 1 2 3 4 5 6 |  6.2
Hexes          | 1 2 3 4 5 6 |  6.2
Summonings     | 1 2 3 4 5 6 |  6.2
Necromancy     | 1 2 3 4 5 6 |  6.2
Translocations | 1 2 3 4 5 6 |  6.2
Fire Magic     | 1 2 3 4 5 6 |  6.2
Ice Magic      | 1 2 3 4 5 6 |  6.2
Air Magic      | 1 2 3 4 5 6 |  6.2
Earth Magic    | 1 2 3 4 5 6 |  6.2
Alchemy        | 1 2 3 4 5 6 |  6.2
Fighting       | 3 4 5 6 7 8 |  8.0
Dodging        | 5 6 7 8 |  8.9
Unarmed Combat | 7 8 9 10 | 10.0
Shapeshifting  | 7 8 9 |  9.5

Action                     |  1- 3 |  4- 6 |  7- 9 | 10-12 || total
---------------------------+-------+-------+-------+-------++-------
  Melee: Unarmed           |    74 |   130 |   354 |   534 ||  1092
         Punch             |     2 |     9 |    15 |     7 ||    33
         Bite              |     1 |    13 |    41 |    82 ||   137
  Throw: Dart              |       |     3 |     5 |       ||     8
         Boomerang         |       |       |     4 |     8 ||    12
 Invoke: Heal Other        |       |       |     2 |    11 ||    13
         Purification      |       |       |     1 |       ||     1
         Heal Self         |       |       |       |     3 ||     3
  Evoke: Wand              |       |     1 |       |    11 ||    12
    Use: Potion            |     1 |       |       |     3 ||     4
         Scroll            |       |       |       |    14 ||    14
   Stab: Distracted        |       |       |     1 |     1 ||     2
 Armour: Chain mail        |    16 |    75 |   269 |   125 ||   485
         Leather armour    |     1 |       |       |       ||     1
         Ring mail         |    18 |     6 |       |       ||    24
         Skin              |    18 |    13 |       |   165 ||   196
  Dodge: Dodged            |    37 |    48 |   217 |   513 ||   815
   Form: Flux              |       |     2 |     3 |     3 ||     8
         Beast             |       |     2 |     3 |     2 ||     7
